 Dungeon Crawl Stone Soup version 0.23.1-41-g7e51ed3 (webtiles) character file.

Game seed: 13599020111232159552

523 Borgoz the Cutter (level 7, -1/41 HPs)
             Began as a Gargoyle Gladiator on Mar 30, 2019.
             Killed by divine providence
             ... invoked by an orc priest
              (10 damage)
             ... on level 5 of the Dungeon.
             The game lasted 00:06:05 (4018 turns).

Borgoz the Cutter (Gargoyle Gladiator)              Turns: 4018, Time: 00:06:06

Health: -1/41      AC: 14    Str: 18    XL:     7   Next: 22%
Magic:  7/7        EV: 12    Int:  8    God:
Gold:   149        SH:  0    Dex: 13    Spells: 6/6 levels left

rFire    . . .     SeeInvis .   a - +0 rapier
rCold    . . .     Gourm    .   (no shield)
rNeg     + + .     Faith    .   t - +0 ring mail
rPois    ∞         Spirit   .   c - +0 helmet
rElec    +         Reflect  .   (no cloak)
rCorr    .         Harm     .   v - +0 pair of gloves
MR       .....                  l - +0 pair of boots
Stlth    +.........             (no amulet)
HPRegen  0.13/turn              h - +2 ring of slaying
MPRegen  0.10/turn              k - ring of positive energy

@: flying, hasted, very quick
A: negative energy resistance 1, electricity resistance, unbreathing,
petrification resistance, rot immunity, AC +4
a: no special abilities


You were on level 5 of the Dungeon.
You were not hungry.

You visited 1 branch of the dungeon, and saw 5 of its levels.

You collected 149 gold pieces.

Inventory:

Hand Weapons
 a - a +0 rapier (weapon)
Missiles
 d - a throwing net (quivered)
Armour
 c - a +0 helmet (worn)
 l - a +0 pair of boots (worn)
 t - a +0 ring mail (worn)
 v - a +0 pair of gloves (worn)
Jewellery
 h - a +2 ring of slaying (left hand)
 k - a ring of positive energy (right hand)
 x - a cursed amulet of inaccuracy {unknown}
Wands
 j - a wand of digging (3)
Scrolls
 e - 2 scrolls of fog {unknown}
 m - a scroll of amnesia {unknown}
 n - a scroll of enchant weapon {unknown}
 p - a scroll of enchant armour {unknown}
 r - a scroll of vulnerability {unknown}
 s - a scroll of magic mapping {unknown}
 u - a scroll of remove curse {unknown}
 w - a scroll of identify
Potions
 o - 3 potions of might
Comestibles
 b - 3 chunks of flesh
 f - 8 rations


   Skills:
 + Level 3.5 Fighting
 * Level 4.3 Short Blades
 - Level 1.7 Throwing
 * Level 3.8 Armour
 * Level 3.8 Dodging
 + Level 2.8 Stealth


You had 6 spell levels left.
You didn't know any spells.
Your spell library was empty.

Dungeon Overview and Level Annotations

Branches:
Dungeon (5/15)
 Temple: D:4-7

Altars:


Innate Abilities, Weirdness & Mutations

You are resistant to torment.
Your stone body is resilient. (AC +4)
You are immune to poison.
You resist negative energy. (rN+)
You are resistant to electric shocks. (rElec)
You can survive without breathing.
You are immune to petrification.
You are immune to rotting.


Message History

The orc wizard mumbles some strange words.
The orc wizard blinks!
You barely miss the orc wizard.
The orc wizard hits you but does no damage.
You hit the orc wizard.
The orc wizard is moderately wounded.
The orc wizard casts a spell at you. You resist with some effort.
You hit the orc wizard.
The orc wizard is severely wounded.
The orc wizard points at you and mumbles some strange words.
The magic dart hits you!
* * * LOW HITPOINT WARNING * * *
The orc wizard barely misses you.
You hit the orc wizard but do no damage.
The orc wizard is severely wounded.
The orc wizard is no longer moving quickly.
The orc priest invokes the aid of Beogh against you.
Beogh smites you!
You die...

#..######+###
#...........+
#...........#
#....##.....#
###+###.....#
#...........#
#...........#
#.o##########
#.@######..
#..#.......
#..#.......
#..#.......
#.)'.......
#..##########+#
#.o###.........
#....#.........
#...§'.........


You could see an orc priest and an orc wizard.

Vanquished Creatures
  An ogre (D:4)
  A centaur (D:5)
  A hound (D:4)
  A centaur skeleton (D:4)
  An orc priest (D:4)
  2 orc wizards
  A worker ant (D:4)
  Robin (D:4)
  7 adders
  An ooze (D:1)
  An adder skeleton (D:5)
  2 worms (D:2)
  4 dart slugs
  2 leopard geckos
  7 orcs
  5 bats
  3 giant cockroaches
  17 goblins
  8 hobgoblins
  10 jackals
  A ball python (D:1)
  3 frilled lizards (D:1)
  A jackal skeleton (D:5)
  8 kobolds
  A leopard gecko skeleton (D:4)
  7 rats (D:1)
97 creatures vanquished.

Notes
Turn   | Place    | Note
-------+----------+-------------------------------------------
     0 | D:1      | Borgoz the Gargoyle Gladiator began the quest for the Orb.
     0 | D:1      | Reached XP level 1. HP: 12/12 MP: 1/1
   195 | D:1      | Reached XP level 2. HP: 11/17 MP: 2/2
   476 | D:1      | Reached skill level 1 in Armour
   493 | D:1      | Reached skill level 3 in Short Blades
   569 | D:1      | Reached XP level 3. HP: 19/22 MP: 3/3
  1482 | D:2      | Reached skill level 1 in Stealth
  1696 | D:2      | Reached XP level 4. HP: 27/27 MP: 4/4
  2360 | D:3      | Reached XP level 5. HP: 23/32 MP: 5/5
  2909 | D:4      | Noticed an ogre
  2917 | D:4      | Killed an ogre
  2917 | D:4      | Reached XP level 6. HP: 22/37 MP: 6/6
  3147 | D:4      | Noticed Robin
  3171 | D:4      | Killed Robin
  3457 | D:4      | Reached skill level 4 in Short Blades
  3885 | D:5      | Entered Level 5 of the Dungeon
  3886 | D:5      | Reached XP level 7. HP: 41/41 MP: 7/7
  4018 | D:5      | Killed from afar by an orc priest

Skill      XL: |  1  2  3  4  5  6 |
---------------+-------------------+-----
Armour         | 1 2 3 |  3.8
Short Blades   | 3 4 |  4.3
Stealth        | 1 2 |  2.8
Dodging        | 3 |  3.8
Fighting       | 3 |  3.5
Throwing       | |  1.7

Action                   |  1- 3 |  4- 6 |  7- 9 || total
-------------------------+-------+-------+-------++-------
Melee: Rapier            |   120 |   173 |    25 ||   318
Throw: Throwing net      |     1 |     1 |       ||     2
  Use: Scroll            |       |     3 |       ||     3
       Potion            |       |     2 |     3 ||     5
 Stab: Sleeping          |     2 |     2 |       ||     4
       Held in net/web   |     1 |     2 |       ||     3
  Eat: Chunk             |     3 |     6 |     1 ||    10
Armor: Leather armour    |    41 |    70 |       ||   111
       Ring mail         |       |    28 |    12 ||    40
Dodge: Dodged            |    71 |   157 |    17 ||   245
